 Dungeon Crawl Stone Soup version 0.19-a0-1201-gda63bca (webtiles) character file.

32 Gorice the Vexing (level 3, 0/24 HPs)
             Began as a Demonspawn Enchanter on Aug 20, 2016.
             Succumbed to an adder's poison
             ... on level 2 of the Dungeon.
             The game lasted 00:04:48 (1216 turns).

Gorice the Vexing (Demonspawn Enchanter)            Turns: 1216, Time: 00:04:49

Health: 0/24       AC:  6    Str: 11    XL:     3   Next: 10%
Magic:  6/6        EV:  9    Int: 16    God:
Gold:   39         SH:  0    Dex: 13    Spells: 1 memorised, 5 levels left

rFire  . . .     SeeInvis .     a - +0 short sword
rCold  . . .     Gourm    .     l - +0 scale mail
rNeg   . . .     Faith    .     (no shield)
rPois  .         Spirit   .     (no helmet)
rElec  .         Dismiss  .     (no cloak)
rCorr  .         Reflect  .     (no gloves)
MR     .....     Harm     .     (no boots)
Stlth  +.........               (no amulet)
                                (no ring)
                                g - +2 ring of strength

@: lethally poisoned (0 -> -5)
A: claws 1
a: no special abilities


You were on level 2 of the Dungeon.
You were not hungry.

You visited 1 branch of the dungeon, and saw 2 of its levels.

You collected 39 gold pieces.

Inventory:

Hand Weapons
 a - a +0 short sword (weapon)
 b - a +1 dagger
 j - a +1 vampiric hand axe
   (You found it on level 1 of the Dungeon)
Missiles
 i - 37 sling bullets
 Z - 103 stones (quivered)
Armour
 f - a +1 robe
 l - a +0 scale mail (worn)
Jewellery
 g - a +2 ring of strength (left claw)
Scrolls
 e - 2 scrolls of identify
Books
 c - a book of Maledictions
Comestibles
 d - a bread ration {!e}
 h - a beef jerky
 k - 6 chunks of flesh


   Skills:
 * Level 2.5 Short Blades
 + Level 0.6 Armour
 - Level 1.7 Dodging
 - Level 2.6 Stealth
 - Level 2.0 Spellcasting
 - Level 3.0 Hexes


You had 5 spell levels left.
You knew the following spells:

 Your Spells              Type           Power        Failure   Level  Hunger
a - Corona                Hex            ##.....      38%         1    #......


Dungeon Overview and Level Annotations

Branches:
Dungeon (2/15)

Altars:


Innate Abilities, Weirdness & Mutations

You have sharp fingernails.


Message History

* * * LOW HITPOINT WARNING * * *
Damage: 4 (max 4)
You hit the adder but do no damage.
The adder is heavily wounded.
You feel sick.
The adder stops glowing.
The adder bites you.
* * * LOW HITPOINT WARNING * * *
You are lethally poisoned!
The adder poisons you!
Damage: 3 (max 4)
You aren't carrying any potions.
Unknown command.
Okay, then.
* * * LOW HITPOINT WARNING * * *
You feel sick.
Damage: 1 (max 4)
* * * LOW HITPOINT WARNING * * *
You feel sick.
Damage: 1 (max 4)
You hit the adder.
The adder is severely wounded.
The adder bites you but does no damage. x2
You hit the adder.
The adder is severely wounded.
* * * LOW HITPOINT WARNING * * *
You feel sick. The adder bites you but does no damage.
Damage: 1 (max 4)
Your scale mail prevents you from hitting the adder.
The adder is severely wounded.
The adder bites you but does no damage.
You hit the adder.
You kill the adder!
You have reached level 3!
Your experience leads to an increase in your attributes!
Your base attributes are Str 8, Int 16, Dex 13.
Increase (S)trength, (I)ntelligence, or (D)exterity?
You feel stronger.
* * * LOW HITPOINT WARNING * * *
You feel sick.
There is a lethal amount of poison in your body!
There is a lethal amount of poison in your body!
There is a lethal amount of poison in your body!
There is a lethal amount of poison in your body!
You see here an adder corpse.
* * * LOW HITPOINT WARNING * * *
You feel sick.
Damage: 1 (max 4)
Things that are here:
a club; a hobgoblin corpse You open the door.
You die...

####### #.....# ###
#.....# #####.#
######.....# .†..#.#
#....'@).†.#
##.##.#####.####....$....#
##.##.............#(..>..#
..................'......+
##..#.#####.####..#......#
#..#.# .S.. #..#.######
#..#.# .....#..#.# #..#.#
.....#..#.# .....# #.....#


There were no monsters in sight!

Vanquished Creatures
  An adder (D:2)
  A dart slug (D:1)
  A giant gecko (D:1)
  2 goblins
  3 hobgoblins
  2 jackals (D:2)
  4 bats (D:1)
  3 giant newts
  3 kobolds
  A rat (D:1)
21 creatures vanquished.

Notes
Turn   | Place    | Note
-------+----------+-------------------------------------------
     0 | D:1      | Gorice the Demonspawn Enchanter began the quest for the Orb.
     0 | D:1      | Reached XP level 1. HP: 13/13 MP: 3/3
   101 | D:1      | Reached skill level 1 in Short Blades
   607 | D:1      | Gained mutation: You have sharp fingernails. [demonic ancestry]
   607 | D:1      | Reached XP level 2. HP: 19/19 MP: 3/5
   645 | D:1      | Reached skill level 2 in Short Blades
  1204 | D:2      | HP: 5/19 [adder (2)]
  1209 | D:2      | HP: 2/19 [poisoned by an adder]
  1211 | D:2      | Reached XP level 3. HP: 3/24 MP: 6/6
  1216 | D:2      | Succumbed to an adder's poison

Vault maps used:
D:1:      dpeg_arrival_water_temple_mockup
D:2:      kennysheep_slug_shrine

Skill      XL: |  1  2 |
---------------+-------+-----
Short Blades   | 1 2 |  2.5
Armour         | |  0.6
Dodging        | |  1.7
Stealth        | |  2.6
Spellcasting   | |  2.0
Hexes          | |  3.0

Action                   || total
-------------------------++-------
Melee: Short sword       ||    86
 Cast: Corona            ||    12
  Use: Scroll            ||     3
 Stab: Sleeping          ||     1
  Eat: Chunk             ||     1
Armor: Robe              ||    24
       Scale mail        ||    14
Dodge: Dodged            ||    53

Table legend:
 A = Turns spent in this place as a percentage of turns spent in the entire game.
 B = Non-inter-level travel turns spent in this place as a percentage of non-inter-level travel turns spent in the entire game.
 C = Inter-level travel turns spent in this place as a percentage of turns spent in this place.
 D = Turns resting spent in this place as a percentage of non-inter-level travel turns spent in this place.
 E = Turns spent auto-exploring this place as a percentage of non-inter-level travel turns spent in this place.
 F = Non-inter-level travel turns spent in this place divided by the number of levels of this place that you've seen.
                   A       B       C       D       E      F
               +-------+-------+-------+-------+-------+----------------------
         Total | 100.0 | 100.0 |   1.6 |   1.6 |   7.4 | 155.0
       Dungeon | 100.0 | 100.0 |   1.6 |   1.6 |   7.4 | 155.0
               +-------+-------+-------+-------+-------+----------------------

Vault maps used:
D:1:      dpeg_arrival_water_temple_mockup
D:2:      kennysheep_slug_shrine
